 Dungeon Crawl Stone Soup version 0.19-a0-1626-g5215c36 (webtiles) character file.

4266 sveltemanboy the Grappler (level 10, -5/67 HPs)
             Began as a Demonspawn Gladiator on Sept 18, 2016.
             Was an Elder of Okawaru.
             Slain by a slime creature (17 damage)
             ... on level 8 of the Dungeon.
             The game lasted 00:19:59 (7522 turns).

sveltemanboy the Grappler (Demonspawn Gladiator)    Turns: 7522, Time: 00:20:00

Health: -5/67      AC: 12    Str: 25    XL:     10   Next: 10%
Magic:  13/13      EV: 12    Int:  9    God:    Okawaru [****..]
Gold:   405        SH:  5    Dex: 13    Spells: 0 memorised, 9 levels left

rFire  . . .     SeeInvis .       - Unarmed
rCold  . . .     Gourm    .     d - +0 ring mail
rNeg   + . .     Faith    .     n - +0 buckler
rPois  .         Spirit   .     c - +0 helmet
rElec  +         Dismiss  .     (no cloak)
rCorr  .         Reflect  .     (no gloves)
MR     +....     Harm     .     (no boots)
Stlth  +++.......               z - amulet of regeneration
                                l - ring of positive energy
                                s - ring of protection from magic

@: mighty
A: claws 2, iridescent scales 3, camouflage 1, blurry vision 1, low mp 1,
nightstalker 1, electricity resistance, evolution 1, MP-powered wands
a: Heroism, Renounce Religion


You were on level 8 of the Dungeon.
You worshipped Okawaru.
Okawaru was greatly pleased with you.
You were not hungry.

You visited 2 branches of the dungeon, and saw 9 of its levels.

You collected 405 gold pieces.

Inventory:

Missiles
 k - 218 stones
 C - 2 tomahawks (quivered)
Armour
 c - a +0 helmet (worn)
 d - a +0 ring mail (worn)
 n - a +0 buckler (worn)
Jewellery
 l - a ring of positive energy (right claw)
 s - a ring of protection from magic (left claw)
 z - an amulet of regeneration (around neck)
Wands
 r - a wand of confusion (36/48)
 y - a wand of slowing (14/48)
Scrolls
 j - 5 scrolls of remove curse
 m - 6 scrolls of identify
 q - 2 scrolls of enchant armour
 t - a scroll of enchant weapon
 u - 2 scrolls of blinking
 w - 3 scrolls of recharging
Potions
 e - 3 potions of curing
 g - a potion of lignification
 h - a potion of brilliance
 p - a potion of might
 A - a potion of berserk rage
 D - a potion of magic
Comestibles
 a - 2 meat rations
 b - 4 chunks of flesh
 f - 4 bread rations
 v - a slice of pizza
 x - a royal jelly


   Skills:
 - Level 2.0 Fighting
   Level 3.6 Long Blades
 - Level 1.7 Throwing
 + Level 1.5 Armour
 - Level 2.6 Dodging
 - Level 5.0 Shields
 * Level 10.2 Unarmed Combat
 - Level 7.1 Invocations
 + Level 3.6 Evocations


You had 9 spell levels left.
You didn't know any spells.

Dungeon Overview and Level Annotations

Branches:
Dungeon (8/15)             Temple (1/1) D:4
   Lair: D:8-11

Altars:
Dithmenos
Fedhas
Kikubaaqudgha
Okawaru
Sif Muna
Trog
Uskayaw
Xom
Yredelemnul
Zin

Annotations:
D:6 CypherZel's ghost, novice HEAM


Innate Abilities, Weirdness & Mutations

You have very sharp fingernails.
You are completely covered in iridescent scales. (AC +6)
You are slightly more attuned to the shadows.
Your skin changes colour to match your surroundings (Stealth+).
Scrolls take you a little longer to read.
Your magical capacity is low. (-10% MP)
You are resistant to electric shocks. (rElec)
You evolve.
You expend magic power (3 MP) to strengthen your wands.


Message History

The slime creature is heavily wounded.
The slime creature hits you!
You feel much better. The slime creature hits you!
You feel very mighty all of a sudden. The slime creature hits you!
* * * LOW HITPOINT WARNING * * *
You are too injured to fight recklessly!
You are too injured to fight recklessly!
You are too injured to fight recklessly!
You claw the slime creature!
The slime creature is severely wounded.
You scratch the slime creature.
The slime creature is almost dead.
The slime creature hits you but does no damage.
You scratch the slime creature.
The slime creature is almost dead.
The slime creature hits you!
* * * LOW HITPOINT WARNING * * *
You feel better. The slime creature hits you!
You die...

#################=.......#
########.# #.# ###. #.#
#########...# #.#
##.....#.....# #.#
#......'s# #.# #......#J#
#.# #.######@# #.# #.# #.#
#.# #.# #)# #.# #.# #.#
#.## #.# ###.# #... #.#
#...# #### #.# #.#.#
#.####.#### #.........#


You could see a slime creature and a scorpion.

Vanquished Creatures
  Erica (D:8)
  A kobold demonologist (D:8)
  A two-headed ogre (D:8)
  4 hippogriffs
  2 ice beasts
  2 sky beasts
  A black bear (D:8)
  An orc warrior (D:7)
  3 phantoms
  3 ogres
  2 necrophages (D:7)
  2 centaurs
  3 bullfrogs
  3 scorpions
  A water moccasin skeleton (D:5)
  2 crimson imps (D:5)
  A howler monkey (D:6)
  A centaur zombie (D:8)
  2 hounds
  3 orc priests (D:5)
  2 bullfrog skeletons
  2 centaur skeletons (D:8)
  Natasha (thrice) (D:2)
  A worker ant (D:5)
  An iguana (D:6)
  2 hound zombies
  A worker ant zombie (D:7)
  3 adders
  2 shadow imps
  2 oozes
  A worm (D:5)
  3 adder skeletons
  3 dart slugs
  3 leopard geckos
  18 orcs
  3 bats (D:3)
  8 giant cockroaches
  6 goblins
  8 hobgoblins
  14 jackals
  2 quokkas
  2 ball pythons
  6 frilled lizards
  4 kobolds
  A leopard gecko skeleton (D:4)
  5 rats
145 creatures vanquished.

Vanquished Creatures (others)
  4 toadstools (D:1)
4 creatures vanquished.

Grand Total: 149 creatures vanquished

Notes
Turn   | Place    | Note
-------+----------+-------------------------------------------
     0 | D:1      | sveltemanboy the Demonspawn Gladiator began the quest for the Orb.
     0 | D:1      | Reached XP level 1. HP: 16/16 MP: 1/1
   367 | D:1      | Gained mutation: You are partially covered in iridescent scales. (AC +2) [demonic ancestry]
   367 | D:1      | Reached XP level 2. HP: 22/22 MP: 2/2
   481 | D:1      | Reached skill level 1 in Armour
   914 | D:2      | Noticed Natasha
   931 | D:2      | Killed Natasha
   931 | D:2      | Reached skill level 1 in Shields
   931 | D:2      | Gained mutation: You have sharp fingernails. [demonic ancestry]
   931 | D:2      | Reached XP level 3. HP: 18/27 MP: 3/3
  1249 | D:2      | Reached skill level 1 in Unarmed Combat
  1249 | D:2      | Reached XP level 4. HP: 33/33 MP: 4/4
  1324 | D:2      | Noticed Natasha
  1333 | D:2      | Killed Natasha
  1502 | D:2      | Noticed Natasha
  1511 | D:2      | Killed Natasha
  1511 | D:2      | Reached skill level 2 in Unarmed Combat
  1887 | D:3      | Reached XP level 5. HP: 33/38 MP: 5/5
  3004 | D:4      | Noticed an ogre
  3021 | D:4      | Killed an ogre
  3021 | D:4      | Reached skill level 3 in Unarmed Combat
  3021 | D:4      | Gained mutation: You are mostly covered in iridescent scales. (AC +4) [demonic ancestry]
  3021 | D:4      | Reached XP level 6. HP: 44/44 MP: 6/6
  3089 | D:4      | You fall through a shaft for 3 floors!
  3091 | D:7      | Noticed an orc warrior
  3092 | D:7      | Noticed a hippogriff
  3094 | D:6      | Found an ancient bone altar of Kikubaaqudgha.
  3226 | D:5      | Entered Level 5 of the Dungeon
  3233 | D:5      | Reached skill level 4 in Unarmed Combat
  3956 | D:4      | Found a staircase to the Ecumenical Temple.
  3961 | Temple   | Entered the Ecumenical Temple
  3995 | Temple   | Became a worshipper of Warmaster Okawaru
  4152 | D:4      | Reached skill level 1 in Invocations
  4152 | D:4      | Gained mutation: You are slightly more attuned to the shadows. [demonic ancestry]
  4152 | D:4      | Reached XP level 7. HP: 45/50 MP: 7/7
  4401 | D:5      | Reached skill level 5 in Unarmed Combat
  4837 | D:5      | Reached * piety under Okawaru
  5329 | D:6      | Noticed CypherZel's ghost (novice HEAM)
  5432 | D:6      | Reached skill level 6 in Unarmed Combat
  5432 | D:6      | Reached XP level 8. HP: 52/56 MP: 10/10
  5852 | D:7      | Noticed a hippogriff
  5865 | D:7      | Killed a hippogriff
  5927 | D:7      | Reached ** piety under Okawaru
  5974 | D:6      | Killed a hippogriff
  5974 | D:6      | Reached skill level 5 in Shields
  5974 | D:6      | Reached skill level 7 in Unarmed Combat
  5974 | D:6      | Reached skill level 5 in Invocations
  6298 | D:7      | Gained mutation: You have very sharp fingernails. [demonic ancestry]
  6298 | D:7      | Reached XP level 9. HP: 61/61 MP: 13/13
  6377 | D:7      | Reached skill level 8 in Unarmed Combat
  6599 | D:8      | Reached *** piety under Okawaru
  6757 | D:8      | Noticed a kobold demonologist
  6857 | D:8      | Reached skill level 9 in Unarmed Combat
  6857 | D:8      | Reached skill level 1 in Evocations
  6870 | D:8      | Gained mutation: You evolve. [mutagenic meat]
  6873 | D:8      | Gained mutation: Scrolls take you a little longer to read. [mutagenic meat]
  6876 | D:8      | Gained mutation: You expend magic power (3 MP) to strengthen your wands. [mutagenic meat]
  6879 | D:8      | Gained mutation: Your magical capacity is low. (-10% MP) [mutagenic meat]
  6882 | D:8      | Gained mutation: Your skin changes colour to match your surroundings (Stealth+). [mutagenic meat]
  6885 | D:8      | Gained mutation: You are resistant to electric shocks. (rElec) [mutagenic meat]
  7219 | D:8      | Noticed Erica
  7241 | D:8      | Killed Erica
  7241 | D:8      | Reached **** piety under Okawaru
  7266 | D:8      | Reached skill level 10 in Unarmed Combat
  7266 | D:8      | Gained mutation: You are completely covered in iridescent scales. (AC +6) [demonic ancestry]
  7266 | D:8      | Reached XP level 10. HP: 65/66 MP: 13/13
  7521 | D:8      | HP: 1/67 [slime creature (17)]
  7522 | D:8      | Slain by a slime creature

Vault maps used:
D:1:      ldierk_walled_garden_2
D:2:      minmay_misc_feat_secret_circle, minmay_misc_feat_roman,
          item_on_display_a, uniq_natasha
D:3:      first_bread, minmay_distorted
D:6:      basic_altar
D:8:      minmay_blocky_corners, uniq_erica
Temple:   minmay_crystal_snake_temple

Skill      XL: |  1  2  3  4  5  6  7  8  9 |
---------------+----------------------------+-----
Long Blades    | 3 |  3.6
Armour         | 1 |  1.5
Shields        | 1 2 3 4 5 |  5.0
Unarmed Combat | 1 2 3 4 6 7 10 | 10.2
Invocations    | 1 3 5 7 |  7.1
Evocations     | 3 |  3.6
Fighting       | |  2.0
Throwing       | |  1.7
Dodging        | |  2.6

Action                   |  1- 3 |  4- 6 |  7- 9 | 10-12 || total
-------------------------+-------+-------+-------+-------++-------
Melee: Long sword        |    96 |    42 |       |       ||   138
       Punch             |       |     2 |       |       ||     2
       Unarmed           |       |   181 |   340 |    35 ||   556
Throw: Throwing net      |     4 |     1 |       |       ||     5
       Stone             |       |    37 |    33 |       ||    70
       Tomahawk          |       |       |    12 |     1 ||    13
Evoke: Wand              |       |       |    10 |       ||    10
  Use: Potion            |       |     4 |     1 |     3 ||     8
       Scroll            |       |     4 |    13 |       ||    17
 Stab: Held in net/web   |     1 |       |       |       ||     1
       Distracted        |       |     1 |     1 |       ||     2
       Sleeping          |       |       |     2 |       ||     2
       Confused          |       |       |     1 |       ||     1
  Eat: Chunk             |     1 |     9 |    16 |     2 ||    28
Armor: Leather armour    |    29 |     3 |       |       ||    32
       Ring mail         |       |    61 |    98 |    11 ||   170
Dodge: Dodged            |    38 |    98 |   111 |     7 ||   254
Block: Buckler           |       |    32 |    55 |     1 ||    88
